[Event "Titled Tuesday Blitz May 4 2021"]
[White "Podetti, Davide"]
[Black "Juhasz, Agoston"]
[WhiteFideId "893617"]
[BlackFideId "778346"]
[WhiteElo "2131"]
[BlackElo "2211"]
[Result "1-0"]
[Round "02"]
[TimeControl "180+1"]
[Date "2021.05.04"]
[WhiteClock "0:00:25"]
[BlackClock "0:00:07"]

1. e4 c5 2. Nf3 Nc6 3. Bb5 g6 4. Bxc6 dxc6 5. d3 Bg7 6. h3 e5 7. a4 Nf6 8. Be3 Nd7 9. Qd2 Qe7 10. Bh6 f6 11. Bxg7 Qxg7 12. Na3 Nf8 13. O-O Ne6 14. Nc4 O-O 15. Nh2 Nf4 16. Qe3 Be6 17. Qxc5 Qh6 18. Qe3 Qg5 19. g3 Nxh3+ 20. Kh1 Bxc4 21. Qxg5 Nxg5 22. dxc4 Nxe4 23. Kg2 Rad8 24. Rad1 Nd2 25. Rfe1 Nxc4 26. b3 Nd6 27. Ng4 Kg7 28. c4 Nf5 29. Ne3 Nd4 30. Rb1 a5 31. b4 axb4 32. Rxb4 Rf7 33. Reb1 Rdd7 34. a5 Kf8 35. Ra4 Ke8 36. a6 bxa6 37. Rxa6 Rb7 38. Ra8+ Kd7 39. Rxb7+ 1-0


[Site "https://www.chess.com"]

[Event "Titled Tuesday Blitz May 4 2021"]
[White "Poormosavi, Seyed Kian"]
[Black "Matsuura, Frederico"]
[WhiteFideId "12585807"]
[BlackFideId "2107848"]
[WhiteElo "2134"]
[BlackElo "2302"]
[Result "0-1"]
[Round "02"]
[TimeControl "180+1"]
[Date "2021.05.04"]
[WhiteClock "0:02:17"]
[BlackClock "0:02:21"]

1. e4 e6 2. d4 d5 3. Nd2 Be7 4. Ngf3 Nf6 5. e5 Nfd7 6. c3 c5 7. Bd3 Nc6 8. O-O g5 9. h3 h5 10. dxc5 g4 11. hxg4 hxg4 12. Nd4 Ndxe5 13. Be2 Bxc5 14. Nxc6 Qh4 0-1


[Site "https://www.chess.com"]

[Event "Titled Tuesday Blitz May 4 2021"]
[White "Prilleltensky, Matan"]
[Black "Antonio, Jorge Carlos"]
[WhiteFideId "2024810"]
[BlackFideId "113190"]
[WhiteElo "2190"]
[BlackElo "2247"]
[Result "1-0"]
[Round "02"]
[TimeControl "180+1"]
[Date "2021.05.04"]
[WhiteClock "0:01:48"]
[BlackClock "0:01:52"]

1. c4 e5 2. Nc3 Nc6 3. Nf3 Bb4 4. Nd5 Ba5 5. Qc2 Nf6 6. a3 d6 7. b4 Bb6 8. Bb2 O-O 9. Ng5 Bxf2+ 10. Kd1 h6 11. Nxf6+ Qxf6 12. Qh7# 1-0


[Site "https://www.chess.com"]

[Event "Titled Tuesday Blitz May 4 2021"]
[White "Prithu Gupta"]
[Black "Mickiewicz, Piotr"]
[WhiteFideId "46618546"]
[BlackFideId "1114891"]
[WhiteElo "1775"]
[BlackElo "2263"]
[Result "1-0"]
[Round "02"]
[TimeControl "180+1"]
[Date "2021.05.04"]
[WhiteClock "0:00:08"]
[BlackClock "0:00:01"]

1. d4 Nf6 2. Bf4 g6 3. e3 Bg7 4. Nf3 O-O 5. c4 c5 6. Nc3 cxd4 7. exd4 d5 8. c5 Nc6 9. h3 b6 10. Bb5 Bb7 11. O-O bxc5 12. dxc5 Ne4 13. Nxd5 Bxb2 14. Rb1 Nc3 15. Nxc3 Bxc3 16. Qa4 Rc8 17. Rfc1 Qa5 18. Qxa5 Bxa5 19. Bh6 Rfd8 20. Ng5 Nd4 21. Bc4 Bd5 22. Ba6 Rc6 23. Rd1 e5 24. Bb7 Rxc5 25. Bxd5 Rcxd5 26. Kf1 f6 27. Ne4 Kf7 28. Rb7+ R8d7 29. Rdb1 g5 30. Nc5 Rc7 31. Ne4 Rdd7 32. Rxc7 Rxc7 33. g4 Ne6 34. Rb8 Nf4 35. Rf8+ Ke7 36. Kg1 Rc6 37. Kh1 Bb6 38. Kh2 Nd5 39. Rh8 Ke6 40. Rxh7 Rc2 41. Ng3 Rxf2+ 42. Kh1 Nf4 43. Nf5 Rf1+ 44. Kh2 Bg1+ 45. Kg3 Bc5 46. Ng7+ Kd5 47. Nh5 Ke4 48. Nxf6+ Kd3 49. Bxg5 Rg1+ 50. Kh4 Ng6+ 51. Kh5 Nf4+ 52. Bxf4 exf4 53. Rd7+ Ke2 54. Nd5 Be3 55. Re7 Kd3 56. g5 Bd2 57. Rf7 1-0


[Site "https://www.chess.com"]

[Event "Titled Tuesday Blitz May 4 2021"]
[White "Priyanka, K"]
[Black "Vypkhaniuk, Ihor"]
[WhiteFideId "5082986"]
[BlackFideId "14112256"]
[WhiteElo "1893"]
[BlackElo "2368"]
[Result "0-1"]
[Round "02"]
[TimeControl "180+1"]
[Date "2021.05.04"]
[WhiteClock "0:00:01"]
[BlackClock "0:00:07"]

1. e4 c5 2. Nf3 e6 3. d4 cxd4 4. Nxd4 a6 5. Bd3 Bc5 6. Nb3 Be7 7. O-O Qc7 8. Qe2 d6 9. c4 Nf6 10. Nc3 Nbd7 11. Bd2 Ne5 12. f4 Nxd3 13. Qxd3 b6 14. Rae1 O-O 15. e5 Nd7 16. Qg3 Bb7 17. Ne4 d5 18. cxd5 Bxd5 19. f5 Qxe5 20. Bf4 Qxb2 21. Rf2 Qa3 22. Bh6 g6 23. f6 Bb4 24. Bxf8 Bxf8 25. Qh4 Bxe4 26. Qxe4 Rc8 27. Qb7 Rd8 28. Rd1 a5 29. Rxd7 Rxd7 30. Qxd7 a4 31. Nd4 Qc1+ 32. Rf1 Qd2 33. Nf3 Qxa2 34. Qb7 Qe2 35. Qxb6 a3 36. Qf2 Qc4 37. Qd2 Bc5+ 38. Kh1 Qxf1+ 0-1


[Site "https://www.chess.com"]

[Event "Titled Tuesday Blitz May 4 2021"]
[White "Prydun, Andriy"]
[Black "Bartel, Michal"]
[WhiteFideId "14145898"]
[BlackFideId "1119257"]
[WhiteElo "2033"]
[BlackElo "2271"]
[Result "0-1"]
[Round "02"]
[TimeControl "180+1"]
[Date "2021.05.04"]
[WhiteClock "0:00:04"]
[BlackClock "0:01:09"]

1. d4 Nf6 2. Nc3 d5 3. Bf4 c6 4. f3 Qb6 5. Rb1 Bf5 6. g4 Bg6 7. h4 h6 8. e3 e6 9. Nh3 Be7 10. Be5 Nbd7 11. Nf4 Bh7 12. g5 Nxe5 13. gxf6 Bxf6 14. dxe5 Qxe3+ 15. Nfe2 Bxe5 16. Qd2 Qxf3 17. Rg1 Bf6 18. Bg2 Bxh4+ 19. Kd1 Qh5 20. Rf1 O-O 21. Bf3 Qe5 22. Rg1 Bg5 23. Qe1 Qf5 24. Qg3 Qxc2+ 25. Ke1 Qd2+ 26. Kf2 Bxb1 27. Rxb1 Qe3+ 28. Kg2 e5 29. Re1 e4 30. Bg4 Qxg3+ 31. Nxg3 g6 0-1


[Site "https://www.chess.com"]

[Event "Titled Tuesday Blitz May 4 2021"]
[White "Ptacnikova, Lenka"]
[Black "Darini, Pouria"]
[WhiteFideId "305650"]
[BlackFideId "12502200"]
[WhiteElo "1984"]
[BlackElo "2489"]
[Result "0-1"]
[Round "02"]
[TimeControl "180+1"]
[Date "2021.05.04"]
[WhiteClock "0:00:46"]
[BlackClock "0:01:03"]

1. c4 e5 2. g3 Nf6 3. Bg2 d5 4. cxd5 Nxd5 5. Nf3 Nc6 6. O-O Nb6 7. d3 Be7 8. Nbd2 O-O 9. b3 Be6 10. Bb2 f6 11. Rc1 a5 12. Nc4 a4 13. Nxb6 cxb6 14. d4 axb3 15. axb3 e4 16. Nd2 Ra2 17. Bc3 f5 18. e3 b5 19. Ra1 Qa8 20. Qb1 Rxa1 21. Qxa1 Nb4 22. Qxa8 Rxa8 23. Ra1 Rc8 24. Bb2 Rc2 0-1


[Site "https://www.chess.com"]

[Event "Titled Tuesday Blitz May 4 2021"]
[White "Qi, Henry"]
[Black "Eswaran, Ashritha"]
[WhiteFideId "2073188"]
[BlackFideId "2080788"]
[WhiteElo "2148"]
[BlackElo "2378"]
[Result "1-0"]
[Round "02"]
[TimeControl "180+1"]
[Date "2021.05.04"]
[WhiteClock "0:02:37"]
[BlackClock "0:02:49"]

1. d4 Nf6 2. c4 e6 3. Nc3 Bb4 4. a3 Bxc3+ 5. bxc3 b6 6. f3 Bb7 7. e4 d5 8. cxd5 exd5 9. e5 Ng8 10. Bd3 Ne7 11. Ne2 Ba6 12. Bxa6 Nxa6 13. Qa4+ Qd7 14. Qxa6 O-O 15. O-O c5 16. Qd3 c4 17. Qc2 b5 18. Ng3 Ng6 19. f4 f5 20. exf6 Rxf6 21. f5 Nh4 22. Bg5 1-0


[Site "https://www.chess.com"]

[Event "Titled Tuesday Blitz May 4 2021"]
[White "Quesada Perez, Yasser"]
[Black "Alvarez Fernandez, Enrique"]
[WhiteFideId "3509362"]
[BlackFideId "2227398"]
[WhiteElo "2420"]
[BlackElo "2316"]
[Result "1-0"]
[Round "02"]
[TimeControl "180+1"]
[Date "2021.05.04"]
[WhiteClock "0:01:35"]
[BlackClock "0:00:56"]

1. e4 c5 2. c3 Nf6 3. e5 Nd5 4. Nf3 Nc6 5. Bc4 Nb6 6. Bb3 d5 7. exd6 Qxd6 8. O-O Bg4 9. Bxf7+ Kxf7 10. Ng5+ Kg8 11. Qxg4 Ne5 12. Qe4 h6 13. d4 hxg5 14. dxe5 Qh6 15. h3 e6 16. Nd2 Nd5 17. Nf3 Be7 18. Qg4 Nf4 19. Bxf4 gxf4 20. Rad1 Rf8 21. Rd7 Rf7 22. Rfd1 g5 23. Rxb7 Qg6 24. Rdd7 Kf8 25. Rxa7 Rh5 26. a4 Rh6 27. Nxg5 Qb1+ 28. Kh2 Rg7 29. Ra8+ Bd8 30. Raxd8# 1-0


[Site "https://www.chess.com"]

[Event "Titled Tuesday Blitz May 4 2021"]
[White "Quesada Perez, Yuniesky"]
[Black "Nitin, S."]
[WhiteFideId "3504409"]
[BlackFideId "5018277"]
[WhiteElo "2622"]
[BlackElo "2431"]
[Result "1-0"]
[Round "02"]
[TimeControl "180+1"]
[Date "2021.05.04"]
[WhiteClock "0:00:04"]
[BlackClock "0:00:05"]

1. e4 c5 2. Nf3 e6 3. d4 cxd4 4. Nxd4 a6 5. Be2 Nf6 6. Nc3 d6 7. O-O Be7 8. f4 O-O 9. Be3 Nc6 10. Kh1 Bd7 11. Qe1 Nxd4 12. Bxd4 Bc6 13. Qg3 Re8 14. Bd3 b5 15. a3 Rc8 16. Qh3 Nd7 17. Rae1 e5 18. Be3 exf4 19. Bxf4 Ne5 20. Nd5 Bf8 21. Re2 Bxd5 22. exd5 Nxd3 23. Qxd3 Qd7 24. h3 Rxe2 25. Qxe2 Qf5 26. Bxd6 Rxc2 27. Rxf5 Rxe2 28. Bf4 Rf2 29. Kg1 Bc5 30. d6 Be3 31. Re5 Rxf4+ 32. Rxe3 f5 33. d7 1-0


[Site "https://www.chess.com"]

[Event "Titled Tuesday Blitz May 4 2021"]
[White "Quintiliano Pinto, Renato R."]
[Black "Astafurov, Arseniy"]
[WhiteFideId "2117568"]
[BlackFideId "24175218"]
[WhiteElo "2439"]
[BlackElo "2163"]
[Result "0-1"]
[Round "02"]
[TimeControl "180+1"]
[Date "2021.05.04"]
[WhiteClock "0:00:07"]
[BlackClock "0:00:10"]

1. Nf3 d5 2. d4 Nf6 3. c4 c6 4. e3 a6 5. Nc3 e6 6. c5 b6 7. cxb6 Qxb6 8. Bd3 a5 9. O-O Be7 10. Re1 Ba6 11. e4 Bxd3 12. Qxd3 O-O 13. Bg5 Qd8 14. Rac1 Na6 15. a3 h6 16. Bxf6 Bxf6 17. Na4 dxe4 18. Qxe4 Nb8 19. Ne5 Ra6 20. Re2 Qd5 21. Nc3 Qxe4 22. Nxe4 Bxe5 23. dxe5 Rb6 24. Rc5 Rd8 25. g3 a4 26. Ra5 Rd5 27. Rxa4 Rxe5 28. f4 Rd5 29. Nc3 Rd3 30. Rc4 Nd7 31. Na4 Ra6 32. Rb4 c5 33. Rc4 Ra5 34. Rec2 Rb3 35. Kg2 g6 36. Nc3 h5 37. Re4 Nf6 38. Re5 Nd7 39. Ree2 Kg7 40. Ne4 Rb8 41. Nd6 Ra6 42. Nc4 Ra4 43. Red2 Nf6 44. Ne5 Ra6 45. Rxc5 Ne4 46. Rc6 Nxd2 47. Rxa6 Rxb2 48. Ra7 Nc4+ 49. Kh3 Nxe5 50. fxe5 Re2 51. Ra5 g5 52. g4 Re3+ 53. Kg2 hxg4 54. Ra4 Rxe5 55. Rxg4 Kg6 56. Rg3 Re2+ 57. Kg1 Ra2 58. Rb3 f5 59. Rb8 Rxa3 0-1


[Site "https://www.chess.com"]

[Event "Titled Tuesday Blitz May 4 2021"]
[White "Quirke, Jeffrey"]
[Black "Novikov, Evgenij"]
[WhiteFideId "2013029"]
[BlackFideId "4125380"]
[WhiteElo "2238"]
[BlackElo "2242"]
[Result "0-1"]
[Round "02"]
[TimeControl "180+1"]
[Date "2021.05.04"]
[WhiteClock "0:00:35"]
[BlackClock "0:01:02"]

1. d4 e6 2. c4 d5 3. Nc3 Nf6 4. cxd5 exd5 5. Bg5 c6 6. e3 Qb6 7. Qd2 Ne4 8. Nxe4 dxe4 9. Ne2 Bf5 10. Nc3 Bd6 11. Be2 O-O 12. O-O Nd7 13. f3 exf3 14. Bxf3 Bg6 15. Kh1 Qc7 16. h3 f5 17. Bh4 Nf6 18. Rac1 Qd7 19. Rce1 Rae8 20. a3 Bc7 21. Qd1 Qd6 22. Kg1 Qh2+ 23. Kf2 Ng4+ 24. hxg4 Qxh4+ 25. Ke2 fxg4 26. Qb3+ Bf7 27. Qxb7 gxf3+ 28. gxf3 Bc4+ 29. Kd2 Qh2+ 30. Kc1 Bxf1 31. Rxf1 Rb8 0-1


[Site "https://www.chess.com"]

[Event "Titled Tuesday Blitz May 4 2021"]
[White "Quparadze, Giga"]
[Black "Baglan, Esat"]
[WhiteFideId "13602250"]
[BlackFideId "6309216"]
[WhiteElo "2658"]
[BlackElo "2107"]
[Result "1-0"]
[Round "02"]
[TimeControl "180+1"]
[Date "2021.05.04"]
[WhiteClock "0:02:17"]
[BlackClock "0:01:26"]

1. e4 c5 2. Ne2 g6 3. g3 Bg7 4. Bg2 Nc6 5. c3 e5 6. d3 Nge7 7. Be3 d6 8. d4 b6 9. d5 Nb8 10. f4 O-O 11. Nd2 f5 12. O-O Nd7 13. Nc4 Qc7 14. b3 b5 15. Nd2 a6 16. c4 b4 17. a3 a5 18. a4 fxe4 19. Nxe4 Nf5 20. Bf2 exf4 21. Nxf4 Ne5 22. Nxc5 dxc5 23. d6 Nxd6 24. Bxa8 Bg4 25. Qd5+ Kh8 26. Bxc5 Bf3 27. Qxd6 1-0


[Site "https://www.chess.com"]

[Event "Titled Tuesday Blitz May 4 2021"]
[White "Rakotomaharo, Fy Antenaina"]
[Black "Kovacsy, Barnabas"]
[WhiteFideId "13100050"]
[BlackFideId "769290"]
[WhiteElo "2378"]
[BlackElo "1938"]
[Result "1-0"]
[Round "02"]
[TimeControl "180+1"]
[Date "2021.05.04"]
[WhiteClock "0:00:10"]
[BlackClock "0:00:01"]

1. e4 c5 2. Nf3 e6 3. g3 Nc6 4. Bg2 d5 5. exd5 exd5 6. d4 Bg4 7. O-O cxd4 8. h3 Bxf3 9. Qxf3 Nf6 10. Bg5 Be7 11. Bxf6 Bxf6 12. Re1+ Kf8 13. Nd2 g6 14. Nb3 Kg7 15. Qxd5 Qxd5 16. Bxd5 Rab8 17. Nc5 Nb4 18. Bb3 Rhd8 19. a3 Nc6 20. Rad1 b6 21. Nd3 Na5 22. Ba2 Rbc8 23. Re2 Rc7 24. Nb4 Rdc8 25. Rdd2 Nc4 26. Bxc4 Rxc4 27. f4 h5 28. Kg2 a5 29. Nd5 R4c5 30. Nxb6 R8c6 31. Na4 Rb5 32. b3 Rd5 33. Nb2 Rc3 34. a4 Bd8 35. Nd1 Rc6 36. Nf2 Bf6 37. Ne4 Be7 38. Rd3 Bf6 39. Nxf6 Kxf6 40. Red2 Ke6 41. Kf3 Rc3 42. Rxc3 dxc3 43. Rxd5 Kxd5 44. Ke3 f5 45. Kd3 h4 46. gxh4 g5 47. hxg5 1-0


[Site "https://www.chess.com"]

[Event "Titled Tuesday Blitz May 4 2021"]
[White "Rakshitta, Ravi"]
[Black "Taboas Rodriguez, Daniel"]
[WhiteFideId "25073230"]
[BlackFideId "2208466"]
[WhiteElo "1873"]
[BlackElo "2429"]
[Result "1-0"]
[Round "02"]
[TimeControl "180+1"]
[Date "2021.05.04"]
[WhiteClock "0:01:03"]
[BlackClock "0:01:29"]

1. e4 d5 2. exd5 Nf6 3. Nc3 Nxd5 4. d4 e6 5. Nf3 Be7 6. Be2 O-O 7. O-O b6 8. Nxd5 exd5 9. Bf4 c5 10. Ne5 Bb7 11. Bg3 Nd7 12. Nxd7 Qxd7 13. Bf3 Rfd8 14. Re1 Bf6 15. c3 cxd4 16. cxd4 Rac8 17. Qd2 Rc4 18. Be5 Be7 19. b3 Bb4 20. Qg5 f6 21. Bxf6 Bxe1 22. Rxe1 Rf8 23. Re7 1-0


[Site "https://www.chess.com"]

[Event "Titled Tuesday Blitz May 4 2021"]
[White "Ranindu2003"]
[Black "Almeida Junior, Alvaro Alves de"]
[BlackFideId "2149974"]
[WhiteElo "2600"]
[BlackElo "2097"]
[Result "0-1"]
[Round "02"]
[TimeControl "180+1"]
[Date "2021.05.04"]
[WhiteClock "0:00:03"]
[BlackClock "0:00:09"]

1. e4 c5 2. Nf3 d6 3. d4 cxd4 4. Nxd4 Nf6 5. Nc3 a6 6. h3 e5 7. Nb3 h5 8. Bg5 Be7 9. f4 exf4 10. Bxf4 Nc6 11. Qd2 Be6 12. O-O-O Ne5 13. Nd4 Qa5 14. Kb1 Rc8 15. Nb3 Qc7 16. Bd3 b5 17. Rhe1 O-O 18. Nd4 b4 19. Nce2 a5 20. Nc1 Nc4 21. Bxc4 Qxc4 22. Nxe6 fxe6 23. Qd3 Qc6 24. Nb3 e5 25. Bg5 a4 26. Nd2 Rfd8 27. Nf3 b3 28. cxb3 axb3 29. Qxb3+ Qc4 30. Qxc4+ Rxc4 31. Bxf6 Bxf6 32. b3 Rc3 33. Kb2 Rdc8 34. Rc1 R3c7 35. Rxc7 Rxc7 36. Rc1 Rb7 37. Rc6 Rb4 38. Nd2 Rd4 39. Nc4 Rxe4 40. Nxd6 Re2+ 41. Kc1 Rxa2 42. g4 hxg4 43. hxg4 Rg2 44. Rc4 Kh7 45. Ne4 Be7 46. Nc3 Ba3+ 47. Kd1 Rb2 48. Nb5 Rxb3 49. Nc7 Rd3+ 50. Ke2 Rg3 51. Nd5 Rg2+ 52. Kf3 Rh2 53. Ke4 Re2+ 54. Kf5 Bb2 55. g5 Bd4 56. g6+ Kh6 57. Ne7 Rf2+ 58. Ke6 Rf6+ 59. Kd7 Kh5 60. Rc8 Kg5 61. Rg8 e4 62. Rxg7 Ra6 63. Rg8 Ra7+ 64. Ke8 e3 65. g7 e2 66. Rf8 Rxe7+ 67. Kxe7 e1=Q+ 68. Kf7 Bxg7 69. Kxg7 Qe5+ 70. Kg8 Qe6+ 71. Rf7 Kg6 72. Kh8 Kxf7 0-1


[Site "https://www.chess.com"]

[Event "Titled Tuesday Blitz May 4 2021"]
[White "Ravi, Thandalam Shanmugam"]
[Black "Kovacs, Klara"]
[WhiteFideId "5000238"]
[BlackFideId "733210"]
[WhiteElo "2215"]
[BlackElo "2120"]
[Result "1-0"]
[Round "02"]
[TimeControl "180+1"]
[Date "2021.05.04"]
[WhiteClock "0:00:22"]
[BlackClock "0:00:05"]

1. e4 e6 2. d4 d5 3. Nd2 Be7 4. Ngf3 Nf6 5. Bd3 c5 6. dxc5 a5 7. Qe2 O-O 8. O-O Na6 9. e5 Nd7 10. c3 Naxc5 11. Bc2 b6 12. Nd4 Ba6 13. c4 Rc8 14. b3 Qc7 15. f4 dxc4 16. Nxc4 b5 17. Ne3 b4 18. Nc4 a4 19. Qh5 g6 20. Qh6 Rfd8 21. Rf3 Bf8 22. Qh4 Bg7 23. Rh3 Nf8 24. Be3 Nb7 25. Re1 Bxc4 26. bxc4 Qxc4 27. Be4 Nc5 28. Rc1 Qxa2 29. Rxc5 Rxc5 30. Qxd8 b3 31. Nxb3 Rc3 32. Nc5 Qa1+ 33. Kf2 Qb2+ 34. Kf3 Qa3 35. Qd4 h5 36. Bc6 Qb2 37. Nxa4 Rxe3+ 38. Qxe3 Qc1 39. Qxc1 1-0


[Site "https://www.chess.com"]

[Event "Titled Tuesday Blitz May 4 2021"]
[White "Real De Azua, Ernesto"]
[Black "Sarkar, Justin"]
[WhiteFideId "108154"]
[BlackFideId "2010011"]
[WhiteElo "2476"]
[BlackElo "2140"]
[Result "1-0"]
[Round "02"]
[TimeControl "180+1"]
[Date "2021.05.04"]
[WhiteClock "0:01:12"]
[BlackClock "0:00:01"]

1. e4 e5 2. Nf3 Nc6 3. Bc4 Nf6 4. d3 Be7 5. O-O O-O 6. a4 d6 7. a5 a6 8. Re1 Be6 9. Nbd2 Qd7 10. c3 Rfe8 11. Qb3 Rab8 12. Bxe6 fxe6 13. Nf1 Nd8 14. Ng3 Nf7 15. d4 Bf8 16. Bg5 Nxg5 17. Nxg5 h6 18. Nf3 exd4 19. cxd4 d5 20. Ne5 Qb5 21. Qc2 dxe4 22. Qxc7 Rbc8 23. Qf7+ Kh7 24. Qg6+ Kg8 25. Nxe4 1-0


[Site "https://www.chess.com"]

[Event "Titled Tuesday Blitz May 4 2021"]
[White "Reinaldovera"]
[Black "Arabidze, Meri"]
[BlackFideId "13604040"]
[WhiteElo "2282"]
[BlackElo "2432"]
[Result "0-1"]
[Round "02"]
[TimeControl "180+1"]
[Date "2021.05.04"]
[WhiteClock "0:00:01"]
[BlackClock "0:00:15"]

1. d4 d5 2. c4 e6 3. Nc3 Nf6 4. Nf3 Nbd7 5. Bf4 dxc4 6. e3 b5 7. Nxb5 Bb4+ 8. Nc3 Nd5 9. Rc1 N7b6 10. Be2 O-O 11. O-O Bb7 12. Bg5 f6 13. Bh4 Rc8 14. Nd2 c5 15. Nxc4 cxd4 16. Nxb6 dxc3 17. Nxd5 Bxd5 18. bxc3 Ba3 19. Rb1 Rxc3 20. Qa4 Qa8 21. f3 Rxe3 22. Ba6 Bc5 23. Bf2 Ra3 24. Qb5 Bxf2+ 25. Rxf2 h6 26. Rc1 Rxa2 27. Rxa2 Bxa2 28. Rc7 e5 29. Qd7 Bf7 30. Bc4 Qb8 31. Bxf7+ Kh8 0-1


[Site "https://www.chess.com"]

[Event "Titled Tuesday Blitz May 4 2021"]
[White "Remizov, Yaroslav"]
[Black "Remolar Gallen, Jose"]
[WhiteFideId "34134015"]
[BlackFideId "2215187"]
[WhiteElo "2367"]
[BlackElo "2203"]
[Result "0-1"]
[Round "02"]
[TimeControl "180+1"]
[Date "2021.05.04"]
[WhiteClock "0:00:17"]
[BlackClock "0:00:08"]

1. Nf3 Nf6 2. c4 g6 3. g3 Bg7 4. Bg2 O-O 5. O-O d6 6. b3 Ne4 7. d4 a5 8. Bb2 a4 9. Qc2 Bf5 10. Nh4 axb3 11. axb3 Rxa1 12. Bxa1 Nxg3 13. e4 Nxf1 14. exf5 e6 15. Nf3 Nxh2 16. Nxh2 exf5 17. Nd2 Nc6 18. Nhf3 Re8 19. Bc3 Qf6 20. b4 g5 21. b5 g4 22. bxc6 gxf3 23. Bxf3 bxc6 24. Bxc6 Qg5+ 25. Bg2 Re6 26. Nf3 Qg4 27. Qd3 Rg6 28. Ne1 h5 29. Kf1 h4 30. d5 h3 31. Bxh3 Qg1+ 32. Ke2 Bxc3 33. Qxc3 f4 34. Bf5 Rg5 35. Be4 Re5 36. Kf3 f5 37. Bxf5 Rxf5 38. Ng2 Rg5 39. Nxf4 Qg4+ 40. Ke4 Re5+ 41. Qxe5 dxe5 42. Kxe5 Qf3 43. Ne6 Qxf2 44. c5 Qg3+ 45. Kf6 Qf3+ 46. Ke5 Qc3+ 47. Kf5 Qd3+ 48. Ke5 Kf7 49. Nxc7 Qg3+ 50. Kd4 Qxc7 51. c6 Qd6 52. Kc4 Ke7 53. Kd4 Kd8 54. Kc4 Kc7 55. Kd4 Qb4+ 56. Ke5 Qd6+ 57. Kd4 Qg3 58. Kc5 Qf2+ 59. Kc4 Kd6 60. Kb5 Qc5+ 61. Ka6 Qxd5 62. Kb7 Qxc6+ 63. Ka7 Qb5 64. Ka8 Kc7 0-1


[Site "https://www.chess.com"]

[Event "Titled Tuesday Blitz May 4 2021"]
[White "Rodin, Mihail"]
[Black "Shipov, Sergei"]
[WhiteFideId "4113160"]
[BlackFideId "4113624"]
[WhiteElo "2368"]
[BlackElo "2725"]
[Result "1-0"]
[Round "02"]
[TimeControl "180+1"]
[Date "2021.05.04"]
[WhiteClock "0:00:21"]
[BlackClock "0:00:04"]

1. e4 e6 2. d4 d5 3. Nd2 Be7 4. Ngf3 Nf6 5. Bd3 c5 6. c3 cxd4 7. cxd4 dxe4 8. Nxe4 Bd7 9. Ne5 Bc6 10. Nxc6 Nxc6 11. Be3 Qa5+ 12. Nc3 Rd8 13. O-O O-O 14. Rc1 Qb4 15. Ne2 Qxb2 16. Rb1 Qxa2 17. Rxb7 Rb8 18. Bb1 Qa6 19. Rxb8 Rxb8 20. Nc3 Rd8 21. Re1 g6 22. Ne4 Qc4 23. Bd3 Qb4 24. Qa1 Nxd4 25. Rb1 Nb3 26. Nxf6+ Bxf6 27. Qxf6 Rxd3 28. h4 a5 29. Bh6 Qc3 30. Qf4 Qc8 31. Rxb3 Rxb3 32. Qf6 Rb1+ 33. Kh2 Qb8+ 34. g3 Qf8 35. Bxf8 Kxf8 36. Qd8+ Kg7 37. Qxa5 Rd1 38. Qe5+ Kg8 39. g4 Rd5 40. Qf6 h5 41. f3 Rb5 42. Kg3 Rd5 43. Kf4 Rb5 44. Qd8+ Kg7 45. Qd7 Rd5 46. Qc7 Rb5 47. Ke4 Rd5 48. Qb8 Ra5 49. g5 Rf5 50. Qd8 Kh7 51. f4 Rd5 52. Qe7 Rf5 53. Qd7 Kg7 54. Qd6 Kg8 55. Kd4 Kg7 56. Ke4 Kg8 57. Qe7 Kg7 58. Qd8 Rd5 59. Qxd5 Kg8 60. Qd8+ 1-0


[Site "https://www.chess.com"]

[Event "Titled Tuesday Blitz May 4 2021"]
[White "Rodrigue-Lemieux, Shawn"]
[Black "Reprintsev, Alexander"]
[WhiteFideId "2620049"]
[BlackFideId "14100541"]
[WhiteElo "1763"]
[BlackElo "2194"]
[Result "1-0"]
[Round "02"]
[TimeControl "180+1"]
[Date "2021.05.04"]
[WhiteClock "0:00:09"]
[BlackClock "0:00:07"]

1. c4 e5 2. g3 Bc5 3. Bg2 c6 4. Nc3 Nf6 5. Nf3 Qe7 6. d4 exd4 7. Nxd4 d5 8. cxd5 cxd5 9. O-O Nc6 10. Nb3 Be6 11. Nxc5 Qxc5 12. Bg5 Ne4 13. Bxe4 dxe4 14. Nxe4 Qb4 15. Nd6+ Kf8 16. a3 Qg4 17. Bf4 Rd8 18. e4 g5 19. Be3 h5 20. Qxg4 hxg4 21. Nxb7 Rb8 22. Nc5 Rxb2 23. Kg2 Rh5 24. Rfb1 Rc2 25. Nxe6+ fxe6 26. Rc1 Rxc1 27. Rxc1 Ne5 28. Bxa7 Nf3 29. Rh1 Rh7 30. Bc5+ Kf7 31. h3 Ne5 32. hxg4 Rg7 33. Bd4 Kf6 34. Rh6+ 1-0


[Site "https://www.chess.com"]

[Event "Titled Tuesday Blitz May 4 2021"]
[White "Ronka, Erik"]
[Black "De Silva, L M S T"]
[WhiteFideId "505080"]
[BlackFideId "9953698"]
[WhiteElo "2264"]
[BlackElo "1621"]
[Result "1-0"]
[Round "02"]
[TimeControl "180+1"]
[Date "2021.05.04"]
[WhiteClock "0:00:28"]
[BlackClock "0:00:47"]

1. d4 Nf6 2. c4 e6 3. Nc3 Bb4 4. a3 Bxc3+ 5. bxc3 O-O 6. f3 c5 7. e4 d6 8. Bd3 Nc6 9. Ne2 e5 10. O-O Ne8 11. f4 b6 12. d5 Na5 13. f5 f6 14. g4 Ba6 15. Ng3 Bxc4 16. h4 Qd7 17. Bxc4 Nxc4 18. g5 b5 19. Ra2 Nc7 20. Rg2 Kf7 21. g6+ hxg6 22. fxg6+ Ke7 23. Nf5+ Kd8 24. h5 Kc8 25. h6 gxh6 26. g7 Rd8 27. g8=Q Rxg8 28. Rxg8+ Kb7 29. Rxa8 Kxa8 30. Bxh6 Qf7 31. Qg4 Kb7 32. Ne3 Nxa3 33. Ra1 b4 34. cxb4 cxb4 35. Nf5 Nab5 36. Bd2 b3 37. Rb1 Nxd5 38. Rxb3 Nc7 39. Nxd6+ 1-0


[Site "https://www.chess.com"]

[Event "Titled Tuesday Blitz May 4 2021"]
[White "Rostovtsev, Dmitry"]
[Black "Lazavik, Denis"]
[WhiteFideId "34278320"]
[BlackFideId "13515110"]
[WhiteElo "2197"]
[BlackElo "2436"]
[Result "0-1"]
[Round "02"]
[TimeControl "180+1"]
[Date "2021.05.04"]
[WhiteClock "0:00:02"]
[BlackClock "0:00:19"]

1. e4 e5 2. Nf3 Nc6 3. Bb5 a6 4. Ba4 Nf6 5. O-O Be7 6. Re1 b5 7. Bb3 d6 8. c3 O-O 9. h3 Bb7 10. d4 Re8 11. Ng5 Rf8 12. Nf3 h6 13. Nbd2 Re8 14. Bc2 Bf8 15. a4 exd4 16. cxd4 Nb4 17. Bb1 c5 18. d5 Nd7 19. Ra3 c4 20. Nd4 Qf6 21. N2f3 Nc5 22. axb5 axb5 23. Nxb5 Rxa3 24. Nxa3 Ba6 25. Re3 Rb8 26. e5 dxe5 27. Nxe5 Nbd3 28. Ng4 Qd4 29. Rg3 Kh8 30. Nc2 Qxd5 31. Nce3 Qe6 32. Bd2 Ne4 33. Rf3 Rxb2 34. Ba5 Bc5 35. Nh2 Nexf2 36. Qf1 Bxe3 37. Ng4 Nxg4+ 38. Kh1 Ndf2+ 39. Kg1 Ne4+ 40. Kh1 Ngf2+ 41. Kg1 Nxh3+ 42. Kh2 Qe5+ 43. Kxh3 Qh5# 0-1


[Site "https://www.chess.com"]

[Event "Titled Tuesday Blitz May 4 2021"]
[White "Rozhkov, Viacheslav"]
[Black "Weetik, Vjacheslav"]
[WhiteFideId "4181484"]
[BlackFideId "4153472"]
[WhiteElo "2324"]
[BlackElo "2469"]
[Result "0-1"]
[Round "02"]
[TimeControl "180+1"]
[Date "2021.05.04"]
[WhiteClock "0:00:02"]
[BlackClock "0:00:01"]

1. e4 c6 2. d4 d5 3. e5 Bf5 4. Nd2 e6 5. Nb3 Nd7 6. Be3 Bg6 7. c3 Nh6 8. f4 Nf5 9. Bf2 h5 10. Nf3 Qb6 11. Bd3 Be7 12. O-O a5 13. a4 h4 14. h3 Bh5 15. Bxf5 exf5 16. e6 fxe6 17. Re1 Rh6 18. Nc5 Nxc5 19. dxc5 Bxc5 20. Bxc5 Qxc5+ 21. Kh1 O-O-O 22. Qd3 Bxf3 23. Qxf3 Rg6 24. Qh5 Rf6 25. Qxh4 Qc4 26. Rad1 Qxa4 27. Qg5 Rd7 28. Rd2 Kc7 29. Rde2 Re7 30. Qg3 Qb5 31. Qe3 b6 32. Qe5+ Kb7 33. Qd4 Qc5 34. Qd1 Qd6 35. Qa4 Rg6 36. Re5 Rh6 37. b4 Rh8 38. bxa5 Ra8 39. Rb1 b5 40. Qa2 Ra6 41. Qe2 Rxa5 42. Re1 Ra3 43. Qd3 Qc5 44. Rxe6 Rxe6 45. Rxe6 Ra1+ 46. Kh2 Kb6 47. Re3 Rc1 48. Qd2 Rb1 49. h4 Qc4 50. Rd3 Rb3 0-1


[Site "https://www.chess.com"]